HS
JEFFERSON CITY HS JAGUARS @ POLY PREP COUNTRY DAY SCHOOL BLUE DEVILS
02/28/2060
 
TOP OF THE 1ST
Jefferson City HS Jaguars batting - Pitching for Poly Prep Country Day School Blue Devils : RHP Oscar Kiss
Pitching: RHP Oscar Kiss
Batting: LHB Jakob Stewart 0-0: Called Strike
0-1: Fly out, F8 (Flyball, 8LD, EV 80.6 MPH)
Batting: RHB E.J. Compton 0-0: Hit by Pitch
Batting: LHB Joey Trinidad 0-0: Ball
1-0: Ball
2-0: Called Strike
E.J. Compton steals 2nd base
2-1: SINGLE (Groundball, P, EV 84.4 MPH) (infield hit)
E.J. Compton to third
Batting: RHB Dawson Overton 0-0: Ball
1-0: Fielders Choice at 2nd, 5-4 (Groundball, 5S, EV 82.5 MPH)
E.J. Compton scores
Batting: SHB Kayden Kartodirdjo 0-0: Ball
1-0: Called Strike
Dawson Overton steals 2nd base
1-1: Ball
2-1: Called Strike
2-2: Ground out 2-3 (Groundball, 15S, EV 65.0 MPH)
Top of the 1st over - 1 run, 1 hit, 0 errors, 1 left on base; Jefferson City HS 1 - Poly Prep Country Day School 0
BOTTOM OF THE 1ST
Poly Prep Country Day School Blue Devils batting - Pitching for Jefferson City HS Jaguars : RHP Derrick Boccia
Pitching: RHP Derrick Boccia
Batting: RHB Gavin Higdon 0-0: Swinging Strike
0-1: Ground out 1-3 (Groundball, 13S, EV 66.9 MPH)
Batting: RHB Ashton Kim 0-0: Called Strike
0-1: Called Strike
0-2: Ball
1-2: Fly out, F8 (Flyball, 8LXD, EV 97.5 MPH)
Batting: LHB Lucas Costner 0-0: Fly out, F7 (Line Drive, 78M, EV 103.8 MPH)
Bottom of the 1st over - 0 runs, 0 hits, 0 errors, 0 left on base; Jefferson City HS 1 - Poly Prep Country Day School 0
TOP OF THE 2ND
Jefferson City HS Jaguars batting - Pitching for Poly Prep Country Day School Blue Devils : RHP Oscar Kiss
Batting: LHB Carter Saddler 0-0: Called Strike
0-1: Ball
1-1: Ball
2-1: Ball
3-1: Base on Balls
Batting: RHB Parker Benedetto 0-0: Grounds into double play, 5-4-3 (Groundball, 5, EV 90.6 MPH)
Batting: RHB Jaime Klutts 0-0: Swinging Strike
0-1: Foul Ball, location: 2F
0-2: Ball
1-2: Ball
2-2: Ball
3-2: Ground out 4-3 (Groundball, 34, EV 104.4 MPH)
Top of the 2nd over - 0 runs, 0 hits, 0 errors, 0 left on base; Jefferson City HS 1 - Poly Prep Country Day School 0
BOTTOM OF THE 2ND
Poly Prep Country Day School Blue Devils batting - Pitching for Jefferson City HS Jaguars : RHP Derrick Boccia
Batting: RHB Kevin Duffie 0-0: Called Strike
0-1: Foul Ball, location: 2F
0-2: Fly out, F7 (Line Drive, 7, EV 102.5 MPH)
Batting: LHB Vince Moore 0-0: Ball
1-0: Called Strike
1-1: Ball
2-1: Ball
3-1: Called Strike
3-2: Ground out 1-3 (Groundball, 13S, EV 69.4 MPH)
Batting: RHB Kevin Joseph 0-0: Called Strike
0-1: Ball
1-1: Ball
2-1: TRIPLE (Line Drive, 9LD, EV 108.1 MPH)
Batting: LHB Riley Lunney 0-0: Foul Ball, location: 2F
0-1: Swinging Strike
0-2: Ball
1-2: Ball
2-2: Strikes out swinging
Bottom of the 2nd over - 0 runs, 1 hit, 0 errors, 1 left on base; Jefferson City HS 1 - Poly Prep Country Day School 0
TOP OF THE 3RD
Jefferson City HS Jaguars batting - Pitching for Poly Prep Country Day School Blue Devils : RHP Oscar Kiss
Batting: RHB Cole Shirah 0-0: Foul Ball, location: 2F
0-1: Ball
1-1: Ball
2-1: Swinging Strike
2-2: Fly out, F9 (Line Drive, 9S, EV 90.6 MPH)
Batting: LHB Jakob Stewart 0-0: Foul Ball, location: 2F
0-1: Ball
1-1: Called Strike
1-2: Strikes out swinging
Batting: RHB E.J. Compton 0-0: SINGLE (Line Drive, 7LS, EV 90.0 MPH)
Batting: LHB Joey Trinidad 0-0: Called Strike
E.J. Compton steals 2nd base
0-1: Called Strike
0-2: Strikes out swinging, 2-3 out at first.
Top of the 3rd over - 0 runs, 1 hit, 0 errors, 1 left on base; Jefferson City HS 1 - Poly Prep Country Day School 0
BOTTOM OF THE 3RD
Poly Prep Country Day School Blue Devils batting - Pitching for Jefferson City HS Jaguars : RHP Derrick Boccia
Batting: LHB Chandler Kee 0-0: Ball
1-0: Called Strike
1-1: Foul Ball, location: 2F
1-2: Strikes out swinging
Batting: LHB Joseph Krausse 0-0: Called Strike
0-1: Swinging Strike
0-2: Foul Ball, location: 2F
0-2: Strikes out swinging
Batting: RHB Gavin Higdon 0-0: SINGLE (Groundball, 56, EV 96.2 MPH)
Batting: RHB Ashton Kim 0-0: Ground out 6-3 (Groundball, 6S, EV 91.2 MPH)
Bottom of the 3rd over - 0 runs, 1 hit, 0 errors, 1 left on base; Jefferson City HS 1 - Poly Prep Country Day School 0
TOP OF THE 4TH
Jefferson City HS Jaguars batting - Pitching for Poly Prep Country Day School Blue Devils : RHP Oscar Kiss
Batting: RHB Dawson Overton 0-0: Fly out, F9 (Flyball, 9, EV 95.0 MPH)
Batting: SHB Kayden Kartodirdjo 0-0: Ball
1-0: Ball
2-0: Ball
3-0: Called Strike
3-1: Swinging Strike
3-2: Strikes out looking
Batting: LHB Carter Saddler 0-0: Ground out 4-3 (Groundball, 34, EV 100.6 MPH)
Top of the 4th over - 0 runs, 0 hits, 0 errors, 0 left on base; Jefferson City HS 1 - Poly Prep Country Day School 0
BOTTOM OF THE 4TH
Poly Prep Country Day School Blue Devils batting - Pitching for Jefferson City HS Jaguars : RHP Derrick Boccia
Batting: LHB Lucas Costner 0-0: Ball
1-0: Swinging Strike
1-1: Foul Ball, location: 2F
1-2: Ball
2-2: Fly out, F8 (Flyball, 8RM, EV 75.0 MPH)
Batting: RHB Kevin Duffie 0-0: Ball
1-0: Ball
2-0: Ball
3-0: Called Strike
3-1: SINGLE (Line Drive, 8RS, EV 91.9 MPH)
Batting: LHB Vince Moore 0-0: Ball
1-0: Called Strike
1-1: Foul Ball, location: 2F
1-2: Foul Ball, location: 2F
1-2: Ball
2-2: Ball
3-2: SINGLE (Flyball, 56D, EV 95.6 MPH)
Kevin Duffie to second
Batting: RHB Kevin Joseph 0-0: Called Strike
0-1: Called Strike
0-2: SINGLE (Line Drive, 3D, EV 105.6 MPH)
Kevin Duffie to third
Vince Moore to second
Batting: LHB Riley Lunney 0-0: Ball
1-0: Ball
2-0: Called Strike
2-1: Foul Ball, location: 2F
2-2: SINGLE (Flyball, 7, EV 91.2 MPH)
Kevin Duffie scores
Vince Moore to third
Kevin Joseph to second
Batting: LHB Chandler Kee 0-0: Ball
1-0: Foul Ball, location: 2F
1-1: Ball
2-1: Foul Ball, location: 2F
2-2: Ball
3-2: Fly out, F8 (Flyball, 8RD, EV 86.9 MPH)
Runner from 3rd tags up, SCORES, throw by CF
Kevin Joseph to third
Batting: LHB Joseph Krausse 0-0: Swinging Strike
0-1: Foul Ball, location: 2F
0-2: Strikes out swinging
Bottom of the 4th over - 2 runs, 4 hits, 0 errors, 2 left on base; Jefferson City HS 1 - Poly Prep Country Day School 2
TOP OF THE 5TH
Jefferson City HS Jaguars batting - Pitching for Poly Prep Country Day School Blue Devils : RHP Oscar Kiss
Batting: RHB Parker Benedetto 0-0: Swinging Strike
0-1: Ball
1-1: Ball
2-1: Called Strike
2-2: Strikes out swinging
Batting: RHB Jaime Klutts 0-0: Ball
1-0: Ground out 6-3 (Groundball, 6, EV 88.1 MPH)
Batting: RHB Cole Shirah 0-0: Ball
1-0: Called Strike
1-1: Foul Ball, location: 2F
1-2: Ball
2-2: Foul Ball, location: 2F
2-2: Ball
3-2: Base on Balls
Batting: LHB Jakob Stewart 0-0: Called Strike
0-1: Ball
1-1: Foul Ball, location: 2F
1-2: Strikes out swinging
Top of the 5th over - 0 runs, 0 hits, 0 errors, 1 left on base; Jefferson City HS 1 - Poly Prep Country Day School 2
BOTTOM OF THE 5TH
Poly Prep Country Day School Blue Devils batting - Pitching for Jefferson City HS Jaguars : RHP Derrick Boccia
Batting: RHB Gavin Higdon 0-0: Ball
1-0: Called Strike
1-1: Ground out 4-3 (Groundball, 4, EV 89.4 MPH)
Batting: RHB Ashton Kim 0-0: Ball
1-0: Swinging Strike
1-1: Called Strike
1-2: Strikes out swinging
Batting: LHB Lucas Costner 0-0: Ball
1-0: Foul Ball, location: 2F
1-1: Fly out, F9 (Line Drive, 9, EV 91.9 MPH)
Bottom of the 5th over - 0 runs, 0 hits, 0 errors, 0 left on base; Jefferson City HS 1 - Poly Prep Country Day School 2
TOP OF THE 6TH
Jefferson City HS Jaguars batting - Pitching for Poly Prep Country Day School Blue Devils : RHP Oscar Kiss
Batting: RHB E.J. Compton 0-0: Ball
1-0: Ground out 5-3 (Groundball, 5L, EV 91.9 MPH)
Batting: LHB Joey Trinidad 0-0: Ball
1-0: Called Strike
1-1: Foul Ball, location: 2F
1-2: Foul Ball, location: 2F
1-2: Fly out, F8 (Flyball, 8LM, EV 95.6 MPH)
Batting: RHB Dawson Overton 0-0: Ball
1-0: Foul Ball, location: 2F
1-1: DOUBLE (Line Drive, 9LS, EV 90.0 MPH)
Batting: SHB Kayden Kartodirdjo 0-0: Foul Ball, location: 2F
0-1: Foul Ball, location: 2F
0-2: Ball
1-2: Ball
2-2: Ball
3-2: Foul Ball, location: 2F
3-2: Foul Ball, location: 2F
3-2: Ground out 1-3 (Groundball, P, EV 70.6 MPH)
Top of the 6th over - 0 runs, 1 hit, 0 errors, 1 left on base; Jefferson City HS 1 - Poly Prep Country Day School 2
BOTTOM OF THE 6TH
Poly Prep Country Day School Blue Devils batting - Pitching for Jefferson City HS Jaguars : RHP Derrick Boccia
Pitching: RHP Sharrod Hayes
Batting: RHB Kevin Duffie 0-0: Ball
1-0: SINGLE (Line Drive, 89S, EV 100.6 MPH)
Batting: LHB Vince Moore 0-0: Ball
1-0: Swinging Strike
1-1: Ball
2-1: Ball
3-1: Called Strike
3-2: SINGLE (Line Drive, 5D, EV 96.2 MPH)
Kevin Duffie to second
Batting: RHB Kevin Joseph 0-0: Sac Bunt to 23 - play at first, batter OUT! 3-4
Kevin Duffie to third
Vince Moore to second
Batting: LHB Riley Lunney 0-0: Intentional Walk
Batting: LHB Chandler Kee 0-0: Ball
1-0: Foul Ball, location: 2F
1-1: Foul Ball, location: 2F
1-2: Ball
2-2: DOUBLE (Line Drive, 3D, EV 101.9 MPH)
Kevin Duffie scores
Vince Moore scores
Riley Lunney to third
Batting: LHB Joseph Krausse 0-0: Ball
1-0: Foul Ball, location: 2F
1-1: Foul Ball, location: 2F
1-2: Strikes out swinging
Batting: RHB Gavin Higdon 0-0: Ball
1-0: Ball
2-0: Fly out, F8 (Flyball, 8LM, EV 88.8 MPH)
Bottom of the 6th over - 2 runs, 3 hits, 0 errors, 2 left on base; Jefferson City HS 1 - Poly Prep Country Day School 4
TOP OF THE 7TH
Jefferson City HS Jaguars batting - Pitching for Poly Prep Country Day School Blue Devils : RHP Oscar Kiss
Pitching: RHP Mathew Delaney
Batting: LHB Carter Saddler 0-0: Hit by Pitch
Batting: RHB Parker Benedetto 0-0: Ball
1-0: Ball
2-0: Foul Ball, location: 2F
2-1: SINGLE (Groundball, 6MD, EV 105.6 MPH)
Carter Saddler to second
Batting: RHB Jaime Klutts 0-0: Called Strike
0-1: Fly out, F7 (Flyball, 78M, EV 80.0 MPH)
Pinch Hitting: RHB Jeffrey Witherspoon 0-0: Ball
1-0: Called Strike
1-1: Called Strike
1-2: Foul Ball, location: 2F
1-2: Strikes out swinging
Batting: LHB Jakob Stewart 0-0: Called Strike
0-1: Foul Ball, location: 2F
0-2: Strikes out swinging
Top of the 7th over - 0 runs, 1 hit, 0 errors, 2 left on base; Jefferson City HS 1 - Poly Prep Country Day School 4
BOTTOM OF THE 7TH
Poly Prep Country Day School Blue Devils batting - Pitching for Jefferson City HS Jaguars : RHP Sharrod Hayes
Now at SS: Elliot Kukulski
Batting: RHB Ashton Kim 0-0: Fly out, F7 (Flyball, 7D, EV 103.1 MPH)
Batting: LHB Lucas Costner 0-0: Ground out 6-3 (Groundball, 6, EV 99.4 MPH)
Batting: RHB Kevin Duffie 0-0: Ball
1-0: Swinging Strike
1-1: Ball
2-1: Ball
3-1: SINGLE (Groundball, 34D, EV 106.9 MPH)
Batting: LHB Vince Moore 0-0: Foul Ball, location: 2F
0-1: Ball
1-1: Foul Ball, location: 2F
1-2: Ball
2-2: SINGLE (Flyball, 6D, EV 87.5 MPH)
Kevin Duffie to second
Batting: RHB Kevin Joseph 0-0: Called Strike
0-1: Called Strike
Kevin Duffie steals 3rd base
0-2: Ground out 4-3 (Groundball, 34, EV 86.2 MPH)
Bottom of the 7th over - 0 runs, 2 hits, 0 errors, 2 left on base; Jefferson City HS 1 - Poly Prep Country Day School 4
TOP OF THE 8TH
Jefferson City HS Jaguars batting - Pitching for Poly Prep Country Day School Blue Devils : RHP Mathew Delaney
Batting: RHB E.J. Compton 0-0: Called Strike
0-1: Ball
1-1: Fly out, F6 (Flyball, 56D, EV 87.5 MPH)
Batting: LHB Joey Trinidad 0-0: Ball
1-0: Ball
2-0: Called Strike
2-1: Ball
3-1: Called Strike
3-2: Base on Balls
Batting: RHB Dawson Overton 0-0: Ball
1-0: Foul Ball, location: 2F
1-1: Ball
2-1: Called Strike
2-2: Foul Ball, location: 2F
2-2: Foul Ball, location: 2F
2-2: Foul Ball, location: 2F
2-2: Foul Ball, location: 2F
2-2: Ball
3-2: Foul Ball, location: 2F
3-2: Foul Ball, location: 2F
3-2: Foul Ball, location: 2F
3-2: Foul Ball, location: 2F
3-2: Foul Ball, location: 2F
3-2: Base on Balls
Joey Trinidad to second
Batting: SHB Kayden Kartodirdjo 0-0: Called Strike
0-1: Ball
1-1: Ball
2-1: Ball
3-1: Foul Ball, location: 2F
3-2: Foul Ball, location: 2F
3-2: Strikes out swinging
Pitching: RHP Auston Stretton
Batting: LHB Carter Saddler 0-0: Called Strike
0-1: Ball
1-1: Ball
2-1: Fly out, F7 (Flyball, 78M, EV 99.4 MPH)
Top of the 8th over - 0 runs, 0 hits, 0 errors, 2 left on base; Jefferson City HS 1 - Poly Prep Country Day School 4
BOTTOM OF THE 8TH
Poly Prep Country Day School Blue Devils batting - Pitching for Jefferson City HS Jaguars : RHP Sharrod Hayes
Batting: LHB Riley Lunney 0-0: Foul Ball, location: 2F
0-1: Ball
1-1: Ball
2-1: Ground out 6-3 (Groundball, 6M, EV 85.6 MPH)
Batting: LHB Chandler Kee 0-0: Called Strike
0-1: Foul Ball, location: 2F
0-2: Strikes out looking
Batting: LHB Joseph Krausse 0-0: Called Strike
0-1: Ball
1-1: Ball
2-1: SINGLE (Groundball, 56, EV 100.6 MPH)
Batting: RHB Gavin Higdon 0-0: Ball
1-0: Foul Ball, location: 2F
1-1: Ball
2-1: Ball
3-1: Swinging Strike
3-2: Fly out, F3 (Line Drive, 3, EV 67.5 MPH)
Bottom of the 8th over - 0 runs, 1 hit, 0 errors, 1 left on base; Jefferson City HS 1 - Poly Prep Country Day School 4
TOP OF THE 9TH
Jefferson City HS Jaguars batting - Pitching for Poly Prep Country Day School Blue Devils : RHP Auston Stretton
Pitching: RHP Arnold Trout
Batting: RHB Parker Benedetto 0-0: Fly out, F7 (Flyball, 78M, EV 72.5 MPH)
Batting: RHB Jaime Klutts 0-0: SINGLE (Groundball, 5D, EV 95.6 MPH)
Pinch Hitting: SHB Hassan Meade 0-0: Called Strike
0-1: Called Strike
0-2: Ball
1-2: Strikes out swinging
Batting: LHB Jakob Stewart 0-0: Swinging Strike
0-1: Ball
1-1: SINGLE (Flyball, 8RS, EV 85.6 MPH)
Jaime Klutts to second
Batting: RHB E.J. Compton 0-0: Fly out, F8 (Flyball, 8LD, EV 79.4 MPH)
Top of the 9th over - 0 runs, 2 hits, 0 errors, 2 left on base; Jefferson City HS 1 - Poly Prep Country Day School 4
Tuesday, April 16th , 2024 - OOTP Baseball 23.10 Build 110